 Dungeon Crawl Stone Soup: Circus Animals version 1.0-281-g30ac8bc (webtiles) character file.

114 FraterFugae the Gusty (level 4, -4/24 HPs)
             Began as a Tengu Air Elementalist on Mar 9, 2016.
             Slain by a worker ant (6 damage)
             ... on level 2 of the Dungeon.
             The game lasted 00:19:43 (1665 turns).

FraterFugae the Gusty (Tengu Air Elementalist)      Turns: 1665, Time: 00:19:43

Health: -4/24      AC:  2    Str:  6    XL:     4   Next: 97%
Magic:  6/9        EV: 13    Int: 16    God:
Gold:   119        SH:  0    Dex: 20    Spells: 4 memorised, 1 level left

rFire  + . .     SeeInvis .     d - +0 short sword
rCold  + . .     Gourm    .     a - +0 robe
rNeg   . . .     Faith    .     (no shield)
rPois  +         Spirit   .     (helmet restricted)
rElec  +         Dismiss  .     (no cloak)
rCorr  +         Reflect  .     (no gloves)
SustAt .         Harm     .     (boots unavailable)
MR     .....                    (no amulet)
Stlth  +++.......               (ring unavailable)
                                (ring unavailable)

@: lethally poisoned (-4 -> -9), resistant, not resistant to hostile
enchantments, fairly stealthy
A: beak, talons 3, thin skeletal structure 2, electricity resistance, able to
fly 1
a: Fly


You were on level 2 of the Dungeon.
You were hungry.

You visited 1 branch of the dungeon, and saw 3 of its levels.

You collected 119 gold pieces.

Inventory:

Hand Weapons
 c - a +0 dagger
 d - a +0 short sword (weapon)
Missiles
 e - 58 stones (quivered)
 f - 17 poisoned needles
 g - 7 javelins
Armour
 a - a +0 robe (worn)
Scrolls
 b - a scroll of noise {unknown}
 d - a scroll of fog (in hand) {unknown}
 g - a scroll of teleportation {unknown}
 i - 2 scrolls of blinking {unknown}
 l - a scroll of immolation {unknown}
 m - 4 scrolls of remove curse {unknown}
Potions
 h - a potion of lignification {unknown}
 n - a potion of degeneration {unknown}
 o - a potion of might {unknown}
Books
 b - a book of Air

   Spells                             Type                      Level
   a - Shock                          Conjuration/Air              1
   b - Swiftness                      Charms/Air                   2
   c - Repel Missiles                 Charms/Air                   2
   d - Static Discharge               Conjuration/Air              3
   e - Lightning Bolt                 Conjuration/Air              5
Comestibles
 a - 3 bread rations (worn)
 c - 2 meat rations
 f - 2 chunks of flesh
 j - a beef jerky
 k - 2 fruits


   Skills:
 - Level 0.2 Short Blades
 - Level 2.1 Dodging
 - Level 2.1 Stealth
 - Level 3.0 Spellcasting
 + Level 4.2 Conjurations
 + Level 5.1 Air Magic


You had one spell level left.
You knew the following spells:

 Your Spells              Type           Power        Failure   Level  Hunger
a - Shock                 Conj/Air       #.........   1%          1    #......
b - Repel Missiles        Chrm/Air       #.........   10%         2    ##.....
c - Swiftness             Chrm/Air       #.........   10%         2    ##.....
d - Static Discharge      Conj/Air       #.........   8%          3    ###....


Dungeon Overview and Level Annotations

Branches:
Dungeon (3/15)

Altars:


Innate Abilities, Weirdness & Mutations

You have a beak for a mouth.
You have claws for feet.
You have a moderately thin skeletal structure (Dex +4, Stealth+).
You are resistant to electric shocks.
You can fly.


Message History

You feel sick. The worker ant barely misses you.
Casting: Shock
Confirm with . or Enter, or press ? or * to list all spells.
Aiming: Shock
Press: ? - help, Shift-Dir - straight line, f/p - worker ant
Aim: a worker ant (heavily wounded)
The zap hits the worker ant. (0)
The worker ant appears unharmed.
The worker ant is heavily wounded.
The zap hits the worker ant. (0)
The worker ant appears unharmed.
The worker ant is heavily wounded.
The worker ant bites you (5).
* * * LOW HITPOINT WARNING * * *
Drink which item? (? for menu, Esc to quit)
It was a potion of resistance.
You feel protected.
* * * LOW HITPOINT WARNING * * *
You feel sick. The worker ant bites you (6).
You die...

>.........#........##
#######.##..........#
# #.##.....[....# #
#.##..........# #
#.##........).#
#.##..........# ##
#.###........## .#
#.##..........#
.######.##......@...#
....##..##.......a..#
###..#.###........>.#
# ##.#.###..........#
####...#...........##
....#....##.......##
###.........#######
##.#####..# ###.#
#..#


You could see a worker ant.

Vanquished Creatures
  Terence (D:2)
  3 adders (D:2)
  3 dart slugs (D:2)
  4 giant geckos
  A ball python (D:2)
  5 bats
  5 goblins
  4 hobgoblins (D:1)
  7 jackals (D:2)
  2 giant newts (D:1)
  12 kobolds
  5 rats
52 creatures vanquished.

Notes
Turn   | Place    | Note
--------------------------------------------------------------
     0 | D:1      | FraterFugae the Tengu Air Elementalist began the quest for the Orb.
     0 | D:1      | Reached XP level 1. HP: 10/10 MP: 3/3
   187 | D:1      | Reached XP level 2. HP: 10/15 MP: 3/6
   727 | D:1      | Reached XP level 3. HP: 11/19 MP: 6/8
   781 | D:1      | Learned a level 2 spell: Repel Missiles
  1352 | D:2      | Reached XP level 4. HP: 22/24 MP: 7/9
  1461 | D:2      | Noticed Terence
  1466 | D:2      | Learned a level 2 spell: Swiftness
  1470 | D:2      | Learned a level 3 spell: Static Discharge
  1476 | D:2      | Killed Terence
  1476 | D:2      | Reached skill level 5 in Air Magic
  1665 | D:2      | Slain by a worker ant

Skill      XL: |  1  2  3  4 |
---------------+-------------+-----
Spellcasting   | 2 3 |  3.0
Conjurations   | 3 4 |  4.2
Air Magic      | 5 |  5.1
Short Blades   | |  0.2
Dodging        | |  2.1
Stealth        | |  2.1

Action                   |  1- 3 |  4- 6 || total
-------------------------+-------+-------++-------
Melee: Short sword       |    50 |    18 ||    68
Throw: Stone             |    11 |     4 ||    15
 Cast: Shock             |    31 |    19 ||    50
       Repel Missiles    |     1 |       ||     1
       Static Discharge  |       |     2 ||     2
  Use: Potion            |       |     1 ||     1
 Stab: Sleeping          |     4 |     2 ||     6
  Eat: Chunk             |     2 |     1 ||     3
